Map: Protocole central

Players

FreaKiN

  • Race: Terran Terran
  • League: Platinum

Worming - Winner!

  • Race: Zerg Zerg
  • League: Diamond

VOD

Have the link to the VOD?

Description

Time

  • Played on: Nov. 14, 2015, 4:46 p.m.
  • Length: 15:42
Show
View Real Time Build Order
Export as new Build Order

FreaKiN Terran 

Build Orders: MMM Bio 

Get SALT Encoding   

  12  0:00  SCV  
  13  0:13  SCV  
  14  0:17  Supply Depot  
  14  0:25  SCV  
  15  0:29  Refinery  
  15  0:39  SCV  
  16  0:47  Barracks  
  16  0:51  SCV  
  17  1:03  SCV  
  18  1:15  SCV  
  19  1:27  SCV  
  20  1:34  Reaper  
  20  1:36  Supply Depot  
  22  1:40  Orbital Command  
  21  2:04  Command Center  
  21  2:12  Bunker  
  21  2:16  Marine  
  21  2:21  Factory  
  21  2:31  SCV  
  21  2:34  Marine  
  23  2:38  Bunker  
  23  2:50  SCV  
  24  2:52  Marine  
  25  3:02  SCV  
  26  3:08  Hellion  
  28  3:14  SCV  
  28  3:15  Refinery  
  29  3:21  Command Center  
  29  3:29  Supply Depot  
  29  3:32  Hellion  
  31  3:35  Barracks Reactor  
  32  3:55  Hellion  
  32  3:58  Starport  
  32  4:00  SCV  
  33  4:25  Barracks Tech Lab  
  33  4:32  Hellion  
  33  4:33  Hellion  
  33  4:35  Orbital Command  
  38  4:45  SCV  
  38  4:46  Medivac  
  38  4:48  Stimpack  
  40  4:57  SCV  
  41  5:07  Widow Mine x2  
  41  5:08  Marine  
  41  5:12  Orbital Command  
  41  5:13  Barracks  
  46  5:15  Barracks  
  46  5:24  SCV  
  47  5:29  Marine  
  47  5:33  Command Center  
  48  5:42  SCV x2  
  50  5:48  Medivac  
  52  5:54  SCV  
  52  5:55  SCV  
  52  6:06  SCV  
  53  6:13  Barracks Reactor  
  53  6:14  Barracks Reactor  
  53  6:16  SCV  
  54  6:22  Supply Depot x2  
  54  6:23  Supply Depot x2  
  54  6:25  Supply Depot  
  54  6:26  Widow Mine x2  
  54  6:27  SCV  
  53  6:48  Marauder  
  53  6:49  Medivac  
  53  6:51  Marine x4  
  53  6:52  SCV  
  53  6:53  SCV  
  61  6:57  Orbital Command  
  61  7:05  SCV x2  
  63  7:09  Marine  
  62  7:17  SCV  
  62  7:22  Marine x2  
  61  7:23  Marauder, Marine  
  61  7:26  Marine  
  61  7:27  Combat Shields  
  66  7:31  Factory Tech Lab, Engineering Bay, SCV x3  
  66  7:33  Engineering Bay  
  66  7:36  Refinery  
  69  7:40  Marine x2  
  71  7:44  Marauder  
  71  7:47  Marine x2  
  71  7:50  Medivac x2  
  79  7:55  Siege Tank  
  82  7:58  Terran Infantry Weapons Level 1  
  82  7:59  Terran Infantry Armor Level 1  
  82  8:04  SCV x2  
  84  8:06  Supply Depot, Marauder  
  86  8:25  Marine x4  
  86  8:27  Medivac x2, Marine  
  92  8:31  Missile Turret  
  89  8:37  Missile Turret x2  
  89  8:42  Marine  
  89  8:43  Siege Tank, Marine x3  
  89  8:44  Marine  
  95  9:00  Marine x2  
  95  9:01  Marine x2  
  97  9:03  Marauder  
  97  9:09  Medivac  
  98  9:18  Marine  
  98  9:19  Missile Turret  
  99  9:24  Marauder  
  101  9:33  Marine x3  
  101  9:36  Siege Tank, Marine  
  101  9:37  SCV x2  
  111  9:45  Marine  
  110  9:49  SCV x2  
  110  9:50  Marine  
  114  9:57  Missile Turret x2  
  114  10:03  Bunker  
  114  10:07  Orbital Command  
  76  10:24  Marine x5  
  76  10:25  Medivac, Siege Tank  
  76  10:26  Medivac  
  85  10:41  Marine  
  85  10:42  Marine  
  82  10:58  Marauder, Marine x2  
  82  10:59  Marine  
  82  11:00  Marine  
  82  11:02  SCV x3  
  91  11:08  Command Center  
  91  11:12  Orbital Command  
  91  11:13  Bunker  
  91  11:14  SCV x2  
  91  11:15  Marine  
  91  11:16  Marine  
  95  11:19  Marauder  
  95  11:20  Barracks  
  95  11:22  Barracks  
  98  11:26  SCV x2  
  99  11:38  SCV x2  
  94  11:46  Marine x5  
  95  12:03  Marine  
  95  12:04  Marine x4  
  95  12:08  Marine x2  
  100  12:20  SCV x3  
  100  12:21  Missile Turret, Marine x2  
  100  12:22  Marine x3  
  108  12:23  Missile Turret  
  108  12:24  Missile Turret  
  108  12:25  Marine  
  108  12:26  Marine  
  108  12:28  Missile Turret  
  110  12:32  Siege Tank, SCV x3  
  110  12:33  Medivac  
  118  12:39  Marine x3  
  118  12:40  Marine x2  
  123  12:44  SCV  
  123  12:46  Command Center, Marine  
  123  12:47  Marine  
  126  12:57  Marine x5  
  131  13:04  Marine x2  
  131  13:05  Supply Depot  
  133  13:07  Supply Depot x2  
  133  13:15  Marine x5  
  138  13:22  Marine  
  93  13:52  Marine x2  
  93  13:53  Marine x5  
  79  14:02  Planetary Fortress  
  79  14:07  Medivac, Siege Tank  
  84  14:10  Marine x6  
  89  14:26  Marine  
  89  14:28  Orbital Command, Marine x2  
  92  14:32  Barracks x2  
  92  14:33  Missile Turret x2, Marine  
  92  14:34  Barracks, Marine x3  
  92  14:35  Missile Turret  
  96  14:40  Medivac  
  96  14:44  Marine  
  99  14:45  Marine  
  99  14:46  Armory, Marine  
  99  14:48  Concussive Shells  
  99  14:51  Marine  
  99  14:52  Marine x3  
  105  14:53  SCV  
  105  14:54  SCV x2  
  108  15:01  Refinery  
  108  15:11  Marine  
  108  15:12  Marine x6  
Show
View Real Time Build Order
Export as new Build Order

Worming Zerg - Winner!

Build Orders: Pool First, Muta Ling Bane 

Get SALT Encoding   

  12  0:01  Drone  
  13  0:08  Drone  
  14  0:23  Drone, Extractor  
  14  0:32  Spawning Pool  
  14  0:35  Drone  
  14  0:47  Overlord  
  14  0:51  Drone, Extractor  
  15  1:18  Zergling x4  
  15  1:19  Zergling x2  
  18  1:32  Metabolic Boost  
  18  1:42  Hatchery  
  18  1:44  Drone  
  18  1:46  Zergling x2  
  19  1:58  Queen  
  21  2:04  Drone  
  22  2:14  Overlord  
  22  2:34  Queen  
  25  2:51  Drone x3  
  25  2:57  Drone  
  27  3:06  Drone  
  27  3:08  Drone  
  27  3:10  Queen  
  31  3:31  Zergling x2, Overlord  
  31  3:32  Zergling x2, Overlord  
  33  4:07  Drone x8  
  41  4:10  Extractor  
  41  4:14  Overlord  
  41  4:16  Lair  
  40  4:17  Extractor  
  40  4:19  Baneling Nest  
  38  4:30  Roach Warren  
  37  4:36  Drone x3  
  37  4:37  Drone x3  
  42  4:42  Drone  
  43  4:51  Drone x3  
  43  4:52  Drone x4  
  50  4:57  Spine Crawler  
  48  5:03  Zergling x4  
  48  5:10  Baneling x2  
  48  5:12  Roach x2  
  48  5:13  Glial Reconstitution  
  52  5:16  Roach  
  52  5:18  Extractor  
  52  5:21  Zergling x2  
  54  5:30  Drone x3  
  54  5:31  Drone x2  
  59  5:41  Drone, Overlord  
  59  5:42  Overlord x2  
  60  5:49  Evolution Chamber, Spire  
  57  5:50  Evolution Chamber  
  55  6:11  Hatchery  
  55  6:14  Drone x3  
  55  6:16  Zerg Melee Weapons Level 1, Zerg Ground Armor Level 1  
  55  6:18  Centrifical Hooks  
  56  6:50  Drone x12  
  68  6:56  Overlord  
  68  6:59  Hatchery  
  67  7:02  Zergling x4  
  67  7:04  Zerg Flyer Weapons Level 1  
  67  7:05  Mutalisk  
  67  7:07  Overseer  
  70  7:28  Drone, Extractor x2  
  70  7:29  Drone x2  
  72  7:30  Drone x3  
  72  7:31  Drone x4  
  78  7:40  Mutalisk x3  
  84  7:44  Overseer  
  84  7:45  Pneumatized Carapace  
  84  7:49  Overlord  
  84  7:50  Zergling x4  
  86  7:55  Zergling x2  
  86  7:56  Zergling x8  
  91  8:01  Baneling  
  91  8:02  Baneling x2  
  91  8:09  Spine Crawler  
  91  8:11  Spine Crawler  
  91  8:12  Mutalisk x3  
  95  8:22  Hatchery  
  95  8:26  Drone x2  
  91  8:27  Drone x4  
  95  8:39  Mutalisk x4  
  95  8:41  Zergling x8  
  103  9:11  Queen x2  
  103  9:13  Zerg Flyer Weapons Level 2  
  103  9:15  Zerg Melee Weapons Level 2, Zerg Ground Armor Level 2  
  107  9:18  Infestation Pit  
  107  9:20  Baneling x4  
  111  9:24  Drone x5  
  111  9:25  Overlord x3  
  111  9:36  Queen x2  
  115  9:43  Baneling x9  
  115  9:44  Zergling x12  
  115  9:45  Zergling x2  
  122  9:55  Zergling x6  
  122  9:56  Zergling x4  
  127  10:01  Extractor  
  127  10:02  Extractor  
  109  10:20  Zergling x10  
  109  10:21  Zergling x22  
  112  10:22  Zergling x4  
  116  10:38  Mutalisk  
  116  10:39  Mutalisk x5  
  116  10:42  Overseer  
  115  11:01  Hive  
  115  11:02  Pathogen Glands, Overlord x2  
  115  11:03  Overlord x3  
  115  11:04  Zergling x20  
  114  11:08  Drone x2  
  125  11:15  Spine Crawler  
  112  11:39  Baneling  
  104  11:40  Baneling x9  
  102  11:48  Zergling x18  
  102  11:49  Zergling x6  
  102  11:51  Infestor x3  
  102  11:52  Infestor x2  
  124  11:55  Burrow  
  122  12:13  Mutalisk x4  
  130  12:21  Overlord  
  130  12:33  Ultralisk Cavern, Zerg Ground Armor Level 3, Adrenal Glands, Zerg Melee Weapons Level 3  
  129  12:37  Zerg Flyer Armor Level 1  
  129  12:54  Hatchery  
  126  13:10  Overlord x2  
  126  13:12  Zergling x16  
  134  13:14  Extractor  
  134  13:15  Baneling x3  
  134  13:16  Baneling x2  
  134  13:19  Extractor  
  132  13:21  Chitinous Plating  
  132  13:28  Hatchery  
  104  13:54  Mutalisk x3  
  108  13:57  Zergling x2, Ultralisk x3  
  108  13:58  Zergling x6  
  130  14:07  Infestor x3  
  136  14:12  Spire  
  128  14:27  Baneling x8  
  128  14:37  Ultralisk x2  
  140  14:46  Drone x3  
  140  14:50  Overlord  
  140  14:51  Overlord  
  143  14:59  Drone x3  
Tags
 
Add a new tag
Caveats
  • Supply blocks, unpowered buildings, or Contaminate may cause inaccurate times.
  • Supply counts are checked every 10 seconds.